 Dungeon Crawl Stone Soup version 0.19-a0-1899-g2d93087 (webtiles) character file.

149 dobroeutro the Shooter (level 5, -3/46 HPs)
             Began as a Centaur Hunter on Oct 20, 2016.
             Slain by dobroeutro's ghost (7 damage)
             ... on level 3 of the Dungeon.
             The game lasted 00:03:21 (2926 turns).

dobroeutro the Shooter (Centaur Hunter)             Turns: 2926, Time: 00:03:21

Health: -3/46      AC:  5    Str: 14    XL:     5   Next: 9%
Magic:  5/5        EV:  9    Int: 10    God:
Gold:   36         SH:  0    Dex: 11    Spells: 0 memorised, 4 levels left

rFire  . . .     SeeInvis .     a - +1 shortbow
rCold  . . .     Gourm    .     c - +0 leather armour
rNeg   . . .     Faith    .     (shield currently unavailable)
rPois  .         Spirit   .     (no helmet)
rElec  .         Reflect  .     (no cloak)
rCorr  .         Harm     .     k - +0 pair of gloves
MR     .....                    (no barding)
Stlth  +.........               h - amulet of magic regeneration
                                (no ring)
                                (no ring)

@: lethally poisoned (-3 -> -4), very quick
A: hooves 3, deformed body, speed 2, tough skin 3
a: no special abilities


You were on level 3 of the Dungeon.
You were not hungry.

You visited 1 branch of the dungeon, and saw 3 of its levels.

You collected 36 gold pieces.

Inventory:

Hand Weapons
 a - a +1 shortbow (weapon)
 b - a +0 short sword
Missiles
 d - 42 arrows (quivered)
Armour
 c - a +0 leather armour (worn)
 k - a +0 pair of gloves (worn)
Jewellery
 h - an amulet of magic regeneration (around neck)
Scrolls
 e - 3 scrolls of remove curse {unknown}
 g - 2 scrolls of teleportation {unknown}
 o - a scroll of recharging {unknown}
Potions
 i - a potion of heal wounds {unknown}
 j - a potion of ambrosia {unknown}
 m - a potion of curing {unknown}
Comestibles
 f - 3 bread rations
 l - a meat ration
 n - a fruit
 p - a slice of pizza
 q - a chunk of flesh


   Skills:
 + Level 3.9 Fighting
 + Level 7.2 Bows
 - Level 1.3 Dodging
 - Level 0.4 Stealth


You had 4 spell levels left.
You didn't know any spells.

Dungeon Overview and Level Annotations

Branches:
Dungeon (3/15)

Altars:
Cheibriados
Hepliaklqana
Kikubaaqudgha

Annotations:
D:3 dobroeutro's ghost, weakling CeHu


Innate Abilities, Weirdness & Mutations

You have hooves in place of feet.
Armour fits poorly on your strangely shaped body.
You cover ground very quickly.
You have extremely tough skin. (AC +3)


Message History

Unknown command.
You are too injured to fight recklessly!
Unknown command.
You are too injured to fight recklessly!
Unknown command.
Firing (i - inventory):
d - 44 arrows (quivered)
Press: ? - help, Shift-Dir - straight line, f/p - dobroeutro's ghost
Aim: dobroeutro's ghost (almost destroyed)
You shoot an arrow.
The arrow barely misses dobroeutro's ghost.
Dobroeutro's ghost hits you.
* * * LOW HITPOINT WARNING * * *
Unknown command.
Firing (i - inventory):
d - 43 arrows (quivered)
Press: ? - help, Shift-Dir - straight line, f/p - dobroeutro's ghost
Aim: dobroeutro's ghost (almost destroyed)
You shoot an arrow. The arrow hits dobroeutro's ghost.
Dobroeutro's ghost is almost destroyed.
Dobroeutro's ghost hits you!
You die...

.# ###. #(.. #..
.(. #(# #.# #W#
#.# ####@# #.#
#####....###.##.
#.#
#...............
#.#
#.###.##.######.
#.# #.# #.##.#
#.# #<# #.##.#
#<####.###.##.#
#..........##.#
######.##..##.#
###


You could see dobroeutro's ghost.

Vanquished Creatures
  A hound (D:3)
  5 adders
  3 worms
  4 dart slugs
  2 leopard geckos (D:1)
  4 giant cockroaches
  10 goblins
  5 hobgoblins
  2 jackals (D:1)
  3 quokkas
  A ball python (D:2)
  2 bats
  2 frilled lizards (D:2)
  9 kobolds
  4 rats
57 creatures vanquished.

Notes
Turn   | Place    | Note
-------+----------+-------------------------------------------
     0 | D:1      | dobroeutro the Centaur Hunter began the quest for the Orb.
     0 | D:1      | Reached XP level 1. HP: 17/17 MP: 1/1
   148 | D:1      | Reached XP level 2. HP: 22/25 MP: 2/2
   583 | D:1      | Reached skill level 6 in Bows
   594 | D:1      | Reached XP level 3. HP: 11/30 MP: 3/3
  1690 | D:1      | Reached XP level 4. HP: 19/38 MP: 4/4
  2178 | D:2      | Found an ancient bone altar of Kikubaaqudgha.
  2235 | D:2      | Found a snail-covered altar of Cheibriados.
  2548 | D:2      | Found a hazy altar of Hepliaklqana.
  2909 | D:3      | Noticed dobroeutro's ghost (weakling CeHu)
  2914 | D:3      | Reached skill level 7 in Bows
  2916 | D:3      | Reached XP level 5. HP: 33/46 MP: 5/5
  2926 | D:3      | Slain by dobroeutro's ghost

Vault maps used:
D:1:      roderic_chinese_lattice_arrival
D:2:      lemuel_doored_altar, nicolae_overflow_hidden_temple,
          minmay_parallelograms
D:3:      portal_sewer_entry_f, uniq_terence

Skill      XL: |  1  2  3  4 |
---------------+-------------+-----
Bows           | 6 7 |  7.2
Fighting       | 3 |  3.9
Dodging        | |  1.3
Stealth        | |  0.4

Action                   |  1- 3 |  4- 6 || total
-------------------------+-------+-------++-------
Melee: Short sword       |   158 |    63 ||   221
       Kick              |    35 |    22 ||    57
 Fire: Shortbow          |    15 |    22 ||    37
  Eat: Chunk             |     1 |     4 ||     5
Armor: Leather armour    |    62 |    20 ||    82
Dodge: Dodged            |    84 |    31 ||   115
